 Dungeon Crawl Stone Soup version 0.22.1-6-g1668fe2c40 (webtiles) character file.

504777 Kisielow the Swordmaster (level 23, 0/242 (243) HPs)
             Began as a Minotaur Fighter on Jan 28, 2019.
             Was the Champion of Okawaru.
             Splashed by an acid blob's acid (3 damage)
             ... created by the Royal Jelly
             ... on level 5 of the Pits of Slime.
             The game lasted 03:31:31 (53313 turns).

Kisielow the Swordmaster (Minotaur Fighter)        Turns: 53313, Time: 03:31:32

HP:   0/242 (243)   AC: -7    Str: 50    XL:     23   Next: 82%
MP:   0/39          EV: 13    Int:  5    God:    Okawaru [******]
Gold: 7111          SH: 31    Dex: 12    Spells: 22/22 levels left

rFire    . . .     SeeInvis +   s - +1 double sword (vamp)
rCold    + + +     Gourm    .   c - +0 large shield of Dinock {rC++ Str+3}
rNeg     + . .     Faith    .   v - +3 plate armour "Pieshew" {*Contam rElec rC++ Dex+2}
rPois    .         Spirit   +   I - +2 hat {SInv}
rElec    +         Reflect  .   H - +1 cloak {MR+}
rCorr    +         Harm     .   K - +0 pair of gloves of the City {+Blink rC+ Regen+}
MR       ++++.     Clarity  +   a - +1 pair of boots of the Ditch-Digger {rN+ rCorr Int+2} Stlth ..........Rnd*Tele +
                                Y - amulet "Futouk" {Spirit rC+ Str+6}
HPRegen  0.00/turn              q - ring of Ysidduu {+Fly rC- MR++ Str+4}
MPRegen  0.26/turn              U - ring "Waiwk" {MP+9 Str+5}

@: mighty, heroism, corroded, berserk cooldown, non-regenerating, diseased,
hasted and slowed, studying Short Blades
A: retaliatory headbutt, horns 2, molten scales 1, thin skeletal structure 1,
blurry vision 2, clarity, clumsy 2, deformed body, deterioration 1, dopey 1,
robust 1, teleportitis 1, weak 1, subdued magic 2, MP-powered wands
}: 3/15 runes: decaying, silver, gossamer
a: Heroism, Finesse, Renounce Religion, Evoke Blink, Evoke Flight


You were on level 5 of the Pits of Slime.
You worshipped Okawaru.
Okawaru was exalted by your worship.
You were not hungry.

You visited 8 branches of the dungeon, and saw 44 of its levels.
You also visited: Ice Cave.

You collected 7591 gold pieces.
You spent 480 gold pieces at shops.

Inventory:

Hand Weapons
 s - a +1 vampiric double sword (weapon)
 u - a +7 double sword of holy wrath
 D - a +3 demon blade of flaming
Armour
 a - the +1 pair of boots of the Ditch-Digger (worn) {rN+ rCorr Int+2}
   (You found it on level 4 of the Lair of Beasts)

   It affects your intelligence (+2).
   It protects you from negative energy.
   It provides partial protection from all sources of acid and corrosion.
 c - the +0 large shield of Dinock (worn) {rC++ Str+3}
   (You acquired it on level 3 of the Elven Halls)

   It affects your strength (+3).
   It greatly protects you from cold.
 v - the +3 plate armour "Pieshew" (worn) {*Contam rElec rC++ Dex+2}
   (You found it on level 9 of the Dungeon)

   It affects your dexterity (+2).
   It greatly protects you from cold.
   It insulates you from electricity.
   It causes magical contamination when unequipped.
 H - a +1 cloak of magic resistance (worn)
 I - a +2 hat of see invisible (worn)
 K - the +0 pair of gloves of the City (worn) {+Blink rC+ Regen+}
   (Okawaru gifted it to you on level 2 of the Orcish Mines)

   It protects you from cold.
   It lets you blink.
   It increases your rate of regeneration.
Jewellery
 q - the ring of Ysidduu (left hand) {+Fly rC- MR++ Str+4}
   (You took it off a deep elf demonologist on level 3 of the Elven Halls)

   [ring of flight]

   It affects your strength (+4).
   It makes you vulnerable to cold.
   It affects your resistance to hostile enchantments.
   It lets you fly.
 O - the ring "Leqeycuc" {Fire rPois Int+9}
   (You found it on level 10 of the Dungeon)

   [ring of fire]

   It enhances your fire magic.
   It affects your intelligence (+9).
   It protects you from fire.
   It makes you vulnerable to cold.
   It protects you from poison.
 U - the ring "Waiwk" (right hand) {MP+9 Str+5}
   (You took it off a deep elf death mage on level 3 of the Elven Halls)

   [ring of magical power]

   It affects your strength (+5).
   It affects your magic capacity (+9).
 Y - the amulet "Futouk" (around neck) {Spirit rC+ Str+6}
   (You took it off a deep elf mage on level 3 of the Elven Halls)

   [amulet of guardian spirit]

   It causes incoming damage to be split between your health and magic.
   It affects your strength (+6).
   It protects you from cold.
Wands
 g - a wand of digging (17)
 m - a wand of polymorph (36)
 t - a wand of enslavement (36)
 y - a wand of disintegration (15)
 F - a wand of random effects (59)
 L - a wand of flame (167)
 N - a wand of acid (34)
 S - a wand of clouds (2)
 V - a wand of iceblast (20)
Scrolls
 e - 21 scrolls of remove curse
 i - 7 scrolls of fear
 j - 9 scrolls of teleportation
 o - 2 scrolls of holy word
 G - a scroll of blinking
 J - 2 scrolls of silence
 Q - 4 scrolls of magic mapping
 R - 8 scrolls of identify
Potions
 h - 8 potions of brilliance
 l - 10 potions of curing
 r - 4 potions of flight
 w - 2 potions of cancellation
 E - a potion of ambrosia
 M - a potion of magic
 X - 2 potions of heal wounds
Books
 p - a manual of Short Blades
Miscellaneous
 k - a lightning rod (4/4)
 C - a lightning rod (4/4)
Comestibles
 f - 44 rations


   Skills:
 + Level 21.4(26.4) Fighting
 O Level 27 Long Blades
 + Level 21.5(26.5) Armour
 + Level 21.5(26.5) Shields
 - Level 9.0 Invocations
 - Level 11.0 Evocations


You had 22 spell levels left.
You didn't know any spells.
Your spell library contained the following spells:

 Spells                   Type           Power        Failure   Level  Hunger
 Animate Skeleton         Necr           N/A          63%         1    ##.....
 Beastly Appendage        Tmut           #.....       63%         1    ##.....
 Confusing Touch          Hex            #.....       63%         1    ##.....
 Corona                   Hex            #......      63%         1    ##.....
 Flame Tongue             Conj/Fire      #....        63%         1    ##.....
 Freeze                   Ice            #...         63%         1    ##.....
 Magic Dart               Conj           #...         63%         1    ##.....
 Pain                     Necr           #...         63%         1    ##.....
 Shock                    Conj/Air       #...         63%         1    ##.....
 Sting                    Conj/Pois      #...         63%         1    ##.....
 Summon Butterflies       Summ           #.......     63%         1    ##.....
 Blink                    Tloc           N/A          77%         2    ###....
 Call Imp                 Summ           #.......     77%         2    ###....
 Corpse Rot               Necr           N/A          77%         2    ###....
 Ensorcelled Hibernation  Hex/Ice        #.....       77%         2    ###....
 Passwall                 Tmut/Erth      #.......     77%         2    ###....
 Poisonous Vapours        Pois/Air       #.....       77%         2    ###....
 Searing Ray              Conj           #.....       77%         2    ###....
 Shroud of Golubria       Chrm/Tloc      #.........   77%         2    ###....
 Slow                     Hex            #.......     77%         2    ###....
 Sublimation of Blood     Necr           #.........   77%         2    ###....
 Swiftness                Chrm/Air       #.......     77%         2    ###....
 Throw Flame              Conj/Fire      #.....       77%         2    ###....
 Call Canine Familiar     Summ           #.......     95%         3    ####...
 Confuse                  Hex            #.......     95%         3    ####...
 Conjure Flame            Conj/Fire      #.......     95%         3    ####...
 Dazzling Spray           Conj/Hex       #.....       95%         3    ####...
 Gell's Gravitas          Tloc           #.........   95%         3    ####...
 Ignite Poison            Fire/Tmut/Pois #.......     95%         3    ####...
 Inner Flame              Hex/Fire       #.......     95%         3    ####...
 Lesser Beckoning         Tloc           #.........   95%         3    ####...
 Mephitic Cloud           Conj/Pois/Air  #.......     95%         3    ####...
 Portal Projectile        Hex/Tloc       #.....       95%         3    ####...
 Recall                   Summ/Tloc      N/A          95%         3    ####...
 Regeneration             Chrm/Necr      #.........   95%         3    ####...
 Spider Form              Tmut/Pois      #.........   95%         3    ####...
 Static Discharge         Conj/Air       #.......     95%         3    ####...
 Teleport Other           Tloc           #.......     95%         3    ####...
 Tukima's Dance           Hex            #.......     95%         3    ####...
 Vampiric Draining        Necr           #.........   95%         3    ####...
 Airstrike                Air            #.........   100%        4    #####..
 Animate Dead             Necr           N/A          100%        4    #####..
 Cause Fear               Hex            #.........   100%        4    #####..
 Force Lance              Conj/Tloc      #.......     100%        4    #####..
 Fulminant Prism          Conj/Hex       #.........   100%        4    #####..
 Iskenderun's Mystic Bla  Conj           #.......     100%        4    #####..
 Leda's Liquefaction      Hex/Erth       #.........   100%        4    #####..
 Olgreb's Toxic Radiance  Pois           #.......     100%        4    #####..
 Passage of Golubria      Tloc           N/A          100%        4    #####..
 Petrify                  Tmut/Erth      #.......     100%        4    #####..
 Sticky Flame             Conj/Fire      #.......     100%        4    #####..
 Summon Ice Beast         Ice/Summ       #.......     100%        4    #####..
 Agony                    Necr           #.......     100%        5    ######.
 Blade Hands              Tmut           #.........   100%        5    ######.
 Bolt of Draining         Conj/Necr      #.........   100%        5    ######.
 Bolt of Magma            Conj/Fire/Erth #.........   100%        5    ######.
 Dispel Undead            Necr           #.......     100%        5    ######.
 Excruciating Wounds      Chrm/Necr      #.........   100%        5    ######.
 Fireball                 Conj/Fire      #.........   100%        5    ######.
 Lightning Bolt           Conj/Air       #.........   100%        5    ######.
 Metabolic Englaciation   Hex/Ice        #.........   100%        5    ######.
 Silence                  Hex/Air        #.........   100%        5    ######.
 Summon Mana Viper        Hex/Summ       #.......     100%        5    ######.
 Venom Bolt               Conj/Pois      #.........   100%        5    ######.
 Yara's Violent Unravell  Hex/Tmut       #.........   100%        5    ######.
 Bolt of Cold             Conj/Ice       #.........   100%        6    #######
 Conjure Ball Lightning   Conj/Air       #.........   100%        6    #######
 Freezing Cloud           Conj/Ice/Air   #.........   100%        6    #######
 Iron Shot                Conj/Erth      #.........   100%        6    #######
 Statue Form              Tmut/Erth      #........    100%        6    #######
 Ring of Flames           Chrm/Fire      #.........   100%        7    #######
 Summon Hydra             Summ           #.........   100%        7    #######
 Discord                  Hex            #.........   100%        8    #######
 Shatter                  Erth           #.........   100%        9    #######


Dungeon Overview and Level Annotations

Branches:
Dungeon (15/15)            Temple (0/1) D:6            Lair (6/6) D:10
  Swamp (4/4) Lair:3       Spider (4/4) Lair:2        Slime (5/5) Lair:5
    Orc (2/2) D:12            Elf (3/3) Orc:2        Vaults (5/5) D:14
  Crypt (0/3) Vaults:2     Depths (0/5) D:15

Altars:
Cheibriados
Hepliaklqana
Nemelex Xobeh
Okawaru
Qazlal
Ru
Trog
Uskayaw
Vehumet
Beogh
Jiyva

Shops:
D:4 (   D:14 *   Orc:2 [((*=   Elf:1 ==}   Vaults:2 %   Vaults:5 %

Portals:
Trove: D:10 (give 21 scrolls of identify)


Innate Abilities, Weirdness & Mutations

You reflexively headbutt those who attack you in melee.
You have a pair of horns on your head.
You are partially covered in molten scales. (AC +2)
You have a somewhat thin skeletal structure. (Dex +2, Stealth)
Scrolls take you longer to read.
You possess an exceptional clarity of mind.
You are very clumsy. (Dex -4)
Armour fits poorly on your strangely shaped body.
Your body sometimes deteriorates upon taking damage.
You are dopey. (Int -2)
You are robust. (+10% HP)
You are occasionally teleported next to monsters.
You are weak. (Str -2)
Your spells are easier to cast, but less powerful.
You expend magic power (3 MP) to strengthen your wands.


Message History

* * * LOW HITPOINT WARNING * * *
You are splashed with acid!
The acid burns!
You resist.
* * * LOW HITPOINT WARNING * * *
The acid blob spits acid at you. The splash of acid hits you! You resist.
* * * LOW HITPOINT WARNING * * *
The acid corrodes you!
You are splashed with acid!
The acid burns!
You resist.
* * * LOW HITPOINT WARNING * * *
The acid blob spits acid at you. The splash of acid hits you! You resist.
* * * LOW HITPOINT WARNING * * *
You are splashed with acid!
The acid burns!
You resist.
* * * LOW HITPOINT WARNING * * *
The acid blob misses you. You furiously retaliate!
You headbutt the acid blob, but do no damage.
The acid blob spits acid at you. The splash of acid hits you! You resist.
* * * LOW HITPOINT WARNING * * *
The acid corrodes you!
You are splashed with acid!
The acid burns!
You resist.
You die...

##........####
..............##
...............#####
.................#.#
..................##
...................###
.......J.............##
......JJJ.............##
.....JJ@JJ.............#
.....JJJJJ..............
.....JJJJ...............
.......JJ...............
........................
.#....###...............
##.## #...............
#. ##..............
##.............


You could see 6 acid blobs, 4 azure jellies, a slime creature and 8 death oozes.

Vanquished Creatures
  the Royal Jelly (Slime:5)
  the Lernaean hydra (Swamp:4)
  A lich (Vaults:3)
  5 tentacled monstrosities
  Asterion (Elf:3)
  2 titans (Vaults:5)
  2 deep elf blademasters (Elf:3)
  13 acid blobs
  2 deep elf master archers (Elf:3)
  A quicksilver dragon (Vaults:5)
  The ghost of DildoBatman the Thaumaturge, an adept FoWz of Sif Muna (Swamp:3)
  Kirke (D:15)
  5 shadow dragons (Vaults:5)
  Gastronok (D:12)
  2 sphinxes (Vaults:4)
  The ghost of mpzz the Unseen, an adept SpEn of Okawaru (Elf:3)
  A storm dragon (Vaults:4)
  2 thorn hunters (Swamp:4)
  4 tengu reavers
  4 azure jellies
  4 fire giants
  5 deep elf sorcerers
  Roxanne (Swamp:3)
  3 iron dragons
  A frost giant (Vaults:5)
  14 vault wardens
  4 ghost moths
  7 emperor scorpions
  2 orc warlords
  A reaper (IceCv)
  A large abomination (Elf:1)
  5 deep elf elementalists
  4 war gargoyles
  10 stone giants
  14 ironheart preservers
  14 very ugly things
  3 entropy weavers
  A dire elephant (shapeshifter) (Vaults:5)
  10 deep elf annihilators
  9 deep elf demonologists
  4 spark wasps
  7 ettins
  3 death oozes
  Snorg (D:11)
  4 fire dragons
  7 deep elf death magi
  Josephine (D:12)
  20 yaktaur captains
  2 ice dragons
  4 deep elf high priests
  6 great orbs of eyes
  40 vault guards
  2 ghost crabs
  2 rakshasas
  17 hydras
  An anaconda (shapeshifter) (Vaults:5)
  8 centaur warriors
  A catoblepas (Lair:6)
  2 death knights
  41 two-headed ogres
  14 ogre magi
  The ghost of vvokhom the Unseen, a journeyman SpEn of Dithmenos (Lair:3)
  2 tengu warriors
  A vampire mage (Vaults:2)
  15 alligators
  Erica (D:11)
  5 death yaks (Lair:6)
  A two-headed ogre (shapeshifter) (D:13)
  4 deep troll shamans
  29 dancing weapons
  5 deep troll earth magi
  3 orc high priests
  7 spriggans
  Sonja (Orc:2)
  3 shadow wraiths
  25 deep elf knights
  8 skeletal warriors
  15 deep trolls
  2 orange crystal statues
  A flayed ghost (Vaults:2)
  12 swamp dragons
  6 unseen horrors
  2 spriggan druids
  16 deep elf archers
  2 necromancers
  Pikel (D:4)
  3 wizards
  16 ironbrand convokers
  3 lindwurms (Swamp:4)
  2 shambling mangroves
  24 orb spiders
  4 harpies (Vaults:3)
  14 orc knights
  45 wolf spiders
  An oklob plant (Lair:1)
  2 orb spiders (shapeshifter)
  9 orc sorcerers
  66 deep elf magi
  111 slime creatures
  9 shining eyes
  A sphinx skeleton (Vaults:5)
  A manticore (D:10)
  A salamander (shapeshifter) (Vaults:3)
  3 moths of wrath
  36 ugly things
  14 vault sentinels
  9 cyclopes
  A guardian serpent (Lair:6)
  5 elephants (Lair:6)
  7 black mambas
  2 eyes of devastation (Slime:1)
  3 gargoyles
  A spiny frog (shapeshifter) (Vaults:2)
  2 ice statues (IceCv)
  4 torpor snails
  5 centaur skeletons
  24 spiny frogs
  2 elf skeletons (Vaults:5)
  3 freezing wraiths
  A rime drake (Lair:1)
  4 efreet
  7 komodo dragons
  44 yaktaurs
  A yaktaur skeleton (Vaults:5)
  A tengu conjurer (D:14)
  3 queen bees (shapeshifter)
  10 ice devils (IceCv)
  14 demonic crawlers
  6 trolls
  A wandering mushroom (Lair:5)
  13 tyrant leeches
  A jumping spider (shapeshifter) (Vaults:1)
  2 polar bears (Vaults:2)
  33 jumping spiders
  A wind drake (shapeshifter) (D:13)
  24 hornets
  A meliai (shapeshifter) (Vaults:4)
  10 hippogriffs
  9 blink frogs
  11 bog bodies
  4 dream sheep
  A dream sheep (shapeshifter) (Vaults:5)
  2 raiju (shapeshifter)
  A stone giant simulacrum (Vaults:1)
  4 air elementals (Elf:1)
  60 redbacks
  9 wyverns (Lair:6)
  A water elemental (Elf:3)
  A shadow (Swamp:4)
  27 tarantellas
  12 wraiths
  A centaur simulacrum (D:13)
  4 vampires
  41 yaks
  6 golden eyes (Slime:1)
  3 basilisks
  4 hogs (D:15)
  A golden eye (shapeshifter) (Vaults:2)
  2 yaks (shapeshifter)
  3 hungry ghosts
  5 fire elementals
  A steam dragon (D:12)
  25 vampire mosquitoes
  15 swamp worms
  3 wargs
  3 acid dragons
  An acid dragon (shapeshifter) (Vaults:1)
  A soldier ant (D:11)
  A floating eye (Slime:3)
  17 water moccasins
  3 hornet zombies
  7 porcupines
  3 ice beasts
  47 orc warriors
  5 sky beasts
  A black bear (shapeshifter) (Vaults:1)
  10 swamp drakes
  A black bear (Lair:4)
  10 eyes of draining
  33 ogres
  7 necrophages (Lair:2)
  11 boggarts
  A wolf (Vaults:2)
  20 centaurs
  5 big kobolds
  13 crocodiles
  13 bullfrogs
  A wyvern zombie (D:14)
  3 earth elementals (Elf:2)
  6 scorpions
  4 killer bees (D:13)
  11 howler monkeys
  7 wights
  8 electric eels
  4 crimson imps
  5 centaur zombies
  2 lava snakes
  9 hounds
  17 orc priests
  2 bullfrog skeletons
  2 bullfrog zombies
  7 jellies
  4 iguanas
  16 worker ants
  24 orc wizards
  A hound zombie (D:6)
  A hound skeleton (D:11)
  A howler monkey zombie (D:6)
  2 worker ant zombies (D:9)
  16 adders
  22 white imps
  7 ufetubi (IceCv)
  6 oozes
  2 adder skeletons
  2 dart slugs
  8 leopard geckos
  75 orcs
  5 giant cockroaches
  2 goblins (D:3)
  5 hobgoblins
  14 jackals
  5 quokkas
  A ball python (D:6)
  11 bats
  4 frilled lizards (D:2)
  A jackal zombie (D:8)
  27 kobolds
  2 leopard gecko skeletons
  12 rats
  3 briar patches (Swamp:4)
  6 bushes (Lair:1)
  5 crawling corpses
  A fungus (Lair:6)
1977 creatures vanquished.

Vanquished Creatures (others)
  A hydra (D:9)
  A deep elf knight (Elf:1)
  2 deep elf magi
  An orc sorcerer (Elf:1)
  A manticore (D:9)
  A jumping spider (Spider:2)
  A hornet (Swamp:2)
  2 slime creatures
  A swamp drake (Swamp:4)
  2 orc warriors
  A phantom (D:4)
  An ogre (Vaults:2)
  A bullfrog zombie (D:13)
  2 orc priests (Elf:1)
  An orc wizard (Vaults:5)
  A howler monkey skeleton (D:4)
  A white imp (IceCv)
  3 ufetubi (IceCv)
  3 orcs (Elf:1)
  A quokka (D:9)
  A briar patch (Swamp:4)
  18 fungi
  19 plants
66 creatures vanquished.

Grand Total: 2043 creatures vanquished

Notes
Turn   | Place    | Note
-------+----------+-------------------------------------------
     0 | D:1      | Kisielow the Minotaur Fighter began the quest for the Orb.
     0 | D:1      | Reached XP level 1. HP: 19/19 MP: 0/0
   137 | D:1      | Reached XP level 2. HP: 26/27 MP: 1/1
   359 | D:1      | Reached skill level 3 in Long Blades
   691 | D:2      | Reached XP level 3. HP: 33/33 MP: 2/2
   712 | D:2      | Reached skill level 4 in Long Blades
  1085 | D:2      | Reached XP level 4. HP: 28/40 MP: 3/3
  1201 | D:2      | Found a bloodstained altar of Trog.
  1391 | D:3      | Reached skill level 5 in Long Blades
  1419 | D:3      | Reached skill level 6 in Long Blades
  1419 | D:3      | Reached XP level 5. HP: 11/46 MP: 4/4
  1928 | D:3      | Found a sparkling altar of Nemelex Xobeh.
  2250 | D:3      | Reached skill level 7 in Long Blades
  2345 | D:4      | Noticed a slave
  2345 | D:4      | Noticed Pikel
  2345 | D:4      | Noticed a slave
  2347 | D:4      | Gained mutation: You are robust. (+10% HP) [potion of
                  | mutation]
  2347 | D:4      | Gained mutation: You expend magic power (3 MP) to
                  | strengthen your wands. [potion of mutation]
  2347 | D:4      | Gained mutation: You possess an exceptional clarity of
                  | mind. [potion of mutation]
  2348 | D:4      | Noticed a slave
  2350 | D:4      | Noticed a slave
  2361 | D:4      | Killed Pikel
  2361 | D:4      | Reached skill level 9 in Long Blades
  2361 | D:4      | Reached XP level 6. HP: 37/57 MP: 5/5
  2361 | D:4      | Reached XP level 7. HP: 42/64 MP: 6/6
  2594 | D:4      | Got an ichor-stained trident
  2598 | D:4      | Identified the +10 trident "Minotaur's Doom" {drain, +Blink
                  | +Rage rElec rN+} (You found it on level 4 of the Dungeon)
  2626 | D:4      | Got a brightly glowing ring mail
  2637 | D:4      | Identified the cursed +0 ring mail of Good Intentions
                  | {rElec rN+} (You found it on level 4 of the Dungeon)
  2678 | D:4      | Found Nocenn's Antique Weapon Boutique.
  3032 | D:5      | Entered Level 5 of the Dungeon
  3045 | D:5      | Found a radiant altar of Vehumet.
  3353 | D:5      | Found an iron altar of Okawaru.
  3359 | D:5      | Reached skill level 5 in Shields
  3467 | D:5      | Reached skill level 5 in Armour
  3658 | D:5      | Reached XP level 8. HP: 71/73 MP: 7/7
  3983 | D:6      | Reached skill level 10 in Long Blades
  4116 | D:6      | Reached skill level 5 in Fighting
  4151 | D:6      | Found a sacrificial altar of Ru.
  4329 | D:6      | Reached skill level 11 in Long Blades
  4575 | D:5      | Became a worshipper of Warmaster Okawaru
  4628 | D:6      | Found a staircase to the Ecumenical Temple.
  4655 | D:6      | Found a hide-covered altar of Uskayaw.
  4874 | D:7      | Got an ichor-stained falchion
  4875 | D:7      | Identified the +6 falchion of Indomitability {drain, rElec
                  | Dex+4} (You found it on level 7 of the Dungeon)
  4967 | D:7      | Reached skill level 1 in Invocations
  4967 | D:7      | Reached XP level 9. HP: 50/81 MP: 8/8
  5163 | D:7      | Reached skill level 1 in Evocations
  5763 | D:8      | Reached * piety under Okawaru
  5900 | D:8      | Noticed a two-headed ogre
  5917 | D:8      | Killed a two-headed ogre
  5966 | D:8      | Reached ** piety under Okawaru
  5966 | D:8      | Reached XP level 10. HP: 77/92 MP: 12/12
  6052 | D:8      | Got an ancient trident
  6054 | D:8      | Identified the +7 trident "Hellblazer" {pierce, rF+} (You
                  | found it on level 8 of the Dungeon)
  6156 | D:8      | Found a viscous altar of Jiyva.
  6207 | D:8      | Paralysed by a hornet for 2 turns
  6767 | D:9      | Found the ring of the Octopus King
  6770 | D:9      | Noticed a purple ugly thing
  6782 | D:9      | Killed a purple ugly thing
  6787 | D:9      | Got a ring of the Octopus King
  6789 | D:9      | Identified a ring of the Octopus King {AC+1 EV+1 Str+1
                  | Int+1 Dex+1 Stlth+} (You found it on level 9 of the
                  | Dungeon)
  6943 | D:9      | Noticed a fire dragon
  6963 | D:9      | Killed a fire dragon
  6963 | D:9      | Reached *** piety under Okawaru
  6963 | D:9      | Reached skill level 12 in Long Blades
  6963 | D:9      | Reached skill level 5 in Invocations
  7006 | D:9      | Reached skill level 5 in Evocations
  7076 | D:9      | Noticed a centaur warrior
  7078 | D:9      | Noticed a five-headed hydra
  7079 | D:9      | Found a transporter.
  7079 | D:9      | Found a stormy altar of Qazlal.
  7079 | D:9      | Noticed a manticore
  7080 | D:9      | Found a hazy altar of Hepliaklqana.
  7091 | D:9      | Found a snail-covered altar of Cheibriados.
  7105 | D:9      | Found a transporter.
  7122 | D:9      | Killed a five-headed hydra
  7334 | D:9      | Reached **** piety under Okawaru
  7346 | D:9      | Noticed a two-headed ogre
  7375 | D:9      | Killed a two-headed ogre
  7375 | D:9      | Reached XP level 11. HP: 46/101 MP: 11/14
  8272 | D:9      | Killed a centaur warrior
  8437 | D:9      | Got an iridescent quarterstaff
  8464 | D:9      | Identified the +6 quarterstaff of Reinforcement {venom,
                  | MR+++ Str-3 Stlth+} (You found it on level 9 of the
                  | Dungeon)
  8526 | D:10     | Entered Level 10 of the Dungeon
  8663 | D:10     | Noticed a two-headed ogre
  8666 | D:10     | Killed a two-headed ogre
  8681 | D:10     | Found a portal to a secret trove of treasure.
  8695 | D:10     | Reached ***** piety under Okawaru
  8908 | D:10     | You fall through a shaft!
  8936 | D:11     | Noticed a cyan ugly thing
  8948 | D:11     | Killed a cyan ugly thing
  9019 | D:10     | Found a staircase to the Lair.
  9073 | D:10     | Noticed a green ugly thing
  9087 | D:10     | Killed a green ugly thing
  9373 | D:10     | Noticed a two-headed ogre
  9384 | D:10     | Killed a two-headed ogre
  9639 | D:10     | Noticed an orange crystal statue
  9654 | D:10     | Killed an orange crystal statue
  9657 | D:10     | Got a fine lead ring
  9661 | D:10     | Identified the ring "Leqeycuc" {Fire rPois Int+9} (You
                  | found it on level 10 of the Dungeon)
 10032 | D:10     | Received a gift from Okawaru
 10044 | D:10     | Got a pair of faintly humming boots {god gift}
 10057 | D:10     | Identified the +2 pair of boots "Ceghen" {Dex+3} (Okawaru
                  | gifted it to you on level 10 of the Dungeon)
 10370 | Lair:1   | Entered Level 1 of the Lair of Beasts
 10548 | Lair:1   | Noticed an oklob plant
 10560 | Lair:1   | Killed an oklob plant
 11561 | Lair:2   | Reached XP level 12. HP: 111/112 MP: 17/17
 11629 | Lair:2   | Found a hole to the Spider Nest.
 12678 | Lair:3   | Found a staircase to the Swamp.
 13173 | Lair:3   | Got a smelly leather armour
 13184 | Lair:3   | Identified the +1 leather armour of Mettoij {rC+ Str+2}
                  | (You found it on level 3 of the Lair of Beasts)
 13202 | Lair:3   | Found a runed door.
 13203 | Lair:3   | Noticed vvokhom's ghost (journeyman SpEn)
 13565 | Lair:3   | Killed vvokhom's ghost
 13565 | Lair:3   | Reached skill level 13 in Long Blades
 13711 | Lair:4   | Got a pair of jewelled boots
 13722 | Lair:4   | Identified the +1 pair of boots of the Ditch-Digger {rN+
                  | rCorr Int+2} (You found it on level 4 of the Lair of
                  | Beasts)
 14158 | Lair:4   | You fall through a shaft!
 14635 | Lair:5   | Found a staircase to the Slime Pits.
 15012 | Lair:5   | Noticed an eight-headed hydra
 15020 | Lair:5   | Killed a five-headed hydra
 15704 | Lair:6   | Entered Level 6 of the Lair of Beasts
 16216 | Lair:6   | Reached XP level 13. HP: 112/121 MP: 19/19
 16381 | Lair:6   | Reached skill level 10 in Armour
 16413 | Lair:6   | Reached ****** piety under Okawaru
 16426 | Lair:6   | Reached skill level 10 in Shields
 16431 | Lair:6   | Reached skill level 14 in Long Blades
 16459 | Lair:6   | Received a gift from Okawaru
 16626 | Lair:6   | Reached skill level 10 in Evocations
 17124 | Lair:6   | Reached skill level 10 in Fighting
 17517 | Lair:6   | Received a gift from Okawaru
 18165 | Lair:6   | Reached skill level 15 in Long Blades
 18649 | Lair:6   | Reached XP level 14. HP: 70/133 MP: 21/21
 19230 | D:11     | Noticed Snorg
 19237 | D:11     | Killed Snorg
 19242 | D:11     | Received a gift from Okawaru
 19399 | D:9      | Got a faintly humming plate armour
 19410 | D:9      | Identified the +3 plate armour "Pieshew" {*Contam rElec
                  | rC++ Dex+2} (You found it on level 9 of the Dungeon)
 19799 | D:11     | Noticed Erica
 19806 | D:11     | Killed Erica
 20281 | D:12     | You fall through a shaft!
 20323 | D:12     | Noticed Josephine
 20334 | D:12     | Killed Josephine
 20405 | D:12     | Noticed Gastronok
 20420 | D:12     | Killed Gastronok
 20420 | D:12     | Received a gift from Okawaru
 20426 | D:12     | Got a polished triple sword {god gift}
 20445 | D:12     | Identified the +0 triple sword of Jeptynk {venom, Dex+3}
                  | (Okawaru gifted it to you on level 12 of the Dungeon)
 21011 | D:12     | Found a staircase to the Orcish Mines.
 21247 | Orc:1    | Entered Level 1 of the Orcish Mines
 21372 | Orc:1    | Found a bloodstained altar of Trog.
 21601 | Orc:2    | Entered Level 2 of the Orcish Mines
 21609 | Orc:2    | Reached skill level 16 in Long Blades
 22165 | Orc:2    | Found Gooquk's Jewellery Shoppe.
 22203 | Orc:2    | Found Tuiqo's Antique Weapon Shoppe.
 22381 | Orc:2    | Received a gift from Okawaru
 22399 | Orc:2    | Got a pair of slimy gloves {god gift}
 22410 | Orc:2    | Identified the +0 pair of gloves of the City {+Blink rC+
                  | Regen+} (Okawaru gifted it to you on level 2 of the Orcish
                  | Mines)
 22446 | Orc:2    | Noticed an orc warlord
 22448 | Orc:2    | Noticed Sonja
 22451 | Orc:2    | Found a roughly hewn altar of Beogh.
 22502 | Orc:2    | Killed an orc warlord
 22528 | Orc:2    | Killed Sonja
 22832 | Orc:2    | Found Weufuoph's General Store.
 22857 | Orc:2    | Found a staircase to the Elven Halls.
 22922 | Orc:2    | Found Jeklat's Antique Armour Shop.
 22947 | Orc:2    | Found Kasirhumn's Antique Weapon Boutique.
 23661 | D:13     | Reached XP level 15. HP: 144/144 MP: 22/22
 23748 | D:13     | Reached skill level 17 in Long Blades
 23774 | D:13     | Got a spiked chain mail
 23826 | D:13     | Got an encrusted spear {speed}
 23919 | D:13     | Identified the +1 spear "Suextedoi" {speed, rC+} (You took
                  | it off a yaktaur on level 13 of the Dungeon)
 23922 | D:13     | Identified the +4 chain mail "Soczas" {rC+ rCorr} (You took
                  | it off a skeletal warrior on level 13 of the Dungeon)
 23960 | D:13     | Found the +5 scythe "Finisher" {speed, Str+3}
 24037 | D:13     | Identified the Almanac of the Shifting Glacier
 24042 | D:13     | Identified the Grimoire of Unstable Malediction
 24355 | D:14     | Found a gate to the Vaults.
 24417 | D:14     | Received a gift from Okawaru
 24418 | D:14     | Got a transparent falchion {god gift}
 24452 | D:14     | Identified the +3 falchion "Viorchad" {slice, +Fly rC- MR++
                  | Int+8} (Okawaru gifted it to you on level 14 of the
                  | Dungeon)
 24814 | D:14     | Found Mupseu's Changing Room.
 25211 | D:15     | Entered Level 15 of the Dungeon
 25230 | D:15     | Received a gift from Okawaru
 25309 | D:15     | Found a frozen archway.
 25338 | IceCv    | Entered an ice cave
 25495 | IceCv    | Reached skill level 18 in Long Blades
 25530 | IceCv    | Received a gift from Okawaru
 25547 | IceCv    | Got an encrusted spear {god gift}
 26060 | D:15     | Noticed Kirke
 26074 | D:15     | Killed Kirke
 26299 | D:15     | Received a gift from Okawaru
 26301 | D:15     | HP: 7/148 [fire dragon/blast of flame (36)]
 26498 | D:15     | Found a staircase to the Depths.
 26874 | Lair:1   | Identified the +5 spear of the Lamprey {freeze, rPois}
                  | (Okawaru gifted it to you in an ice cave)
 26946 | Swamp:1  | Entered Level 1 of the Swamp
 27047 | Swamp:1  | Reached XP level 16. HP: 67/157 MP: 23/23
 27950 | Swamp:2  | Received a gift from Okawaru
 28925 | Swamp:3  | Reached skill level 19 in Long Blades
 29047 | Swamp:3  | Received a gift from Okawaru
 29054 | Swamp:3  | Got a twisted hand crossbow {god gift}
 29171 | Swamp:3  | Found a transporter.
 29171 | Swamp:3  | Found a transporter.
 29171 | Swamp:3  | Noticed DildoBatman's ghost (adept FoWz)
 29205 | Swamp:3  | Noticed Roxanne
 29233 | Swamp:3  | Killed Roxanne
 29697 | Swamp:3  | Killed DildoBatman's ghost
 29793 | Swamp:4  | Entered Level 4 of the Swamp
 29972 | Swamp:4  | Received a gift from Okawaru
 30029 | Swamp:4  | Noticed a thorn hunter
 30030 | Swamp:4  | Noticed the 27-headed Lernaean hydra
 30097 | Swamp:4  | Noticed a thorn hunter
 30124 | Swamp:4  | Killed a thorn hunter
 30312 | Swamp:4  | Reached XP level 17. HP: 169/169 MP: 24/24
 30336 | Swamp:4  | Killed the 26-headed Lernaean hydra
 30336 | Swamp:4  | Reached skill level 20 in Long Blades
 30681 | Swamp:4  | Got a decaying rune of Zot
 31258 | Lair:1   | Identified the +0 hand crossbow "Denlep" {freeze, rC+}
                  | (Okawaru gifted it to you on level 3 of the Swamp)
 31305 | Spider:1 | Entered Level 1 of the Spider Nest
 31439 | Spider:1 | Reached skill level 15 in Armour
 31439 | Spider:1 | Reached skill level 15 in Shields
 31470 | Spider:1 | Received a gift from Okawaru
 31693 | Spider:1 | Reached skill level 15 in Fighting
 32178 | Spider:2 | Received a gift from Okawaru
 32259 | Spider:2 | You fall through a shaft!
 32677 | Spider:3 | Reached skill level 21 in Long Blades
 33746 | Spider:2 | Reached XP level 18. HP: 78/179 MP: 25/25
 34168 | Spider:4 | Entered Level 4 of the Spider Nest
 34392 | Spider:4 | Received a gift from Okawaru
 34401 | Spider:4 | Got a pair of scorched boots {god gift}
 34416 | Spider:4 | Identified the +0 pair of boots of Xiotzizxoonn {rCorr}
                  | (Okawaru gifted it to you on level 4 of the Spider Nest)
 34987 | Spider:4 | Paralysed by a hornet for 2 turns
 35001 | Spider:4 | HP: 3/182 [disintegration (48)]
 35326 | Spider:4 | Paralysed by a hornet for 2 turns
 35730 | Spider:4 | Got a gossamer rune of Zot
 36354 | Elf:1    | Entered Level 1 of the Elven Halls
 36767 | Elf:1    | Found Kaef's Jewellery Shoppe.
 36768 | Elf:1    | Found Boudi's Gadget Shop.
 36772 | Elf:1    | Found Hikas's Jewellery Shoppe.
 36796 | Elf:1    | Bought a lightning rod (4/4) for 480 gold pieces
 36898 | Elf:1    | Reached skill level 22 in Long Blades
 36908 | Elf:1    | Noticed a Tzitzimitl
 36920 | Elf:1    | Noticed a Tzitzimitl
 37204 | Elf:1    | Received a gift from Okawaru
 37737 | Elf:2    | Identified the Almanac of the Harmful Entourage
 37985 | Elf:2    | Received a gift from Okawaru
 37986 | Elf:2    | Got a fine ring mail {god gift}
 38250 | Elf:2    | Found a runed gate.
 38250 | Elf:2    | Found a runed gate.
 38250 | Elf:2    | Found a runed gate.
 38301 | Elf:2    | Reached XP level 19. HP: 191/191 MP: 26/26
 39060 | Elf:3    | Entered Level 3 of the Elven Halls
 39244 | Elf:3    | Found a runed door.
 39246 | Elf:3    | Noticed mpzz's ghost (adept SpEn)
 39263 | Elf:3    | Killed mpzz's ghost
 39377 | Elf:3    | Noticed Asterion
 39415 | Elf:3    | Killed Asterion
 39429 | Elf:3    | Reached skill level 23 in Long Blades
 39730 | Elf:3    | Received a gift from Okawaru
 39745 | Elf:3    | Noticed a Brimstone Fiend
 39948 | Elf:3    | Got a vibrating tin ring
 39958 | Elf:3    | Identified the ring of Ysidduu {+Fly rC- MR++ Str+4} (You
                  | took it off a deep elf demonologist on level 3 of the Elven
                  | Halls)
 40494 | Elf:3    | Noticed a Tzitzimitl
 40698 | Elf:3    | Received a gift from Okawaru
 41162 | Elf:3    | Identified a scroll of acquirement
 41165 | Elf:3    | Got a faintly glowing large shield
 41176 | Elf:3    | Identified the +0 large shield of Dinock {rC++ Str+3} (You
                  | acquired it on level 3 of the Elven Halls)
 41183 | Elf:3    | Got a fine tin ring
 41190 | Elf:3    | Got a vibrating tin amulet
 41200 | Elf:3    | Identified the Grimoire of Envenoming and Beguiling
 41535 | Vaults:1 | Entered Level 1 of the Vaults
 41646 | Lair:1   | Identified the amulet "Futouk" {Spirit rC+ Str+6} (You took
                  | it off a deep elf mage on level 3 of the Elven Halls)
 41653 | Lair:1   | Identified the ring "Waiwk" {MP+9 Str+5} (You took it off a
                  | deep elf death mage on level 3 of the Elven Halls)
 42229 | Vaults:1 | Reached XP level 20. HP: 202/202 MP: 27/27
 42782 | Vaults:1 | Received a gift from Okawaru
 43129 | Vaults:2 | Reached skill level 24 in Long Blades
 43573 | Vaults:2 | Received a gift from Okawaru
 43800 | Vaults:2 | Found a staircase to the Crypt.
 44353 | Vaults:2 | Found Puqustrapp's Food Boutique.
 44960 | Vaults:3 | Received a gift from Okawaru
 44967 | Vaults:3 | Reached XP level 21. HP: 214/214 MP: 28/28
 45279 | Vaults:3 | Reached skill level 25 in Long Blades
 45680 | Vaults:3 | Received a gift from Okawaru
 46618 | Vaults:4 | Received a gift from Okawaru
 47640 | Vaults:5 | Entered Level 5 of the Vaults
 47710 | Vaults:4 | Reached XP level 22. HP: 226/226 MP: 14/29
 47782 | Vaults:4 | Reached skill level 26 in Long Blades
 47827 | Vaults:5 | Paralysed by a floating eye for 3 turns
 47833 | Vaults:5 | Received a gift from Okawaru
 48286 | Vaults:5 | Got a silver rune of Zot
 48632 | Vaults:4 | Received a gift from Okawaru
 49343 | Vaults:5 | Got a flickering amber ring
 49350 | Vaults:5 | Got a slimy broad axe {freeze}
 49457 | Vaults:5 | Reached skill level 27 in Long Blades
 49471 | Vaults:5 | Received a gift from Okawaru
 49471 | Vaults:5 | Reached XP level 23. HP: 177/237 MP: 14/30
 49546 | Vaults:5 | Identified the ring "Duefouv" {+Blink rC- rN+++ MR- Str+5}
                  | (You took it off a yaktaur on level 5 of the Vaults)
 49772 | Vaults:5 | Found Ytwedaqi's Food Emporium.
 49960 | Vaults:5 | Identified the Reference Book on Floating Ice
 50932 | Slime:1  | Entered Level 1 of the Pits of Slime
 50934 | Slime:1  | Gained mutation: You are clumsy. (Dex -2) [a shining eye]
 50940 | Slime:1  | Gained mutation: Scrolls take you a little longer to read.
                  | [a shining eye]
 50944 | Slime:1  | Lost mutation: Scrolls take you a little longer to read. [a
                  | shining eye]
 50946 | Slime:1  | Gained mutation: Your spells are a little easier to cast,
                  | but a little less powerful. [a shining eye]
 50973 | Slime:1  | Gained mutation: Your body sometimes deteriorates upon
                  | taking damage. [a shining eye]
 50975 | Slime:1  | Gained mutation: Scrolls take you a little longer to read.
                  | [a shining eye]
 50977 | Slime:1  | Gained mutation: Scrolls take you longer to read. [a
                  | shining eye]
 51958 | Slime:3  | Gained mutation: Armour fits poorly on your strangely
                  | shaped body. [a shining eye]
 51960 | Slime:3  | Paralysed by a floating eye for 3 turns
 51967 | Slime:3  | Paralysed by a floating eye for 3 turns
 51979 | Slime:3  | Paralysed by a floating eye for 3 turns
 52040 | Slime:2  | Gained mutation: You are weak. (Str -2) [a shining eye]
 52042 | Slime:2  | Gained mutation: You are partially covered in molten
                  | scales. (AC +2) [a shining eye]
 52602 | Slime:4  | Gained mutation: You are occasionally teleported next to
                  | monsters. [a shining eye]
 52604 | Slime:4  | Gained mutation: You have a somewhat thin skeletal
                  | structure. (Dex +2, Stealth) [a shining eye]
 52609 | Slime:4  | Gained mutation: You are dopey. (Int -2) [a shining eye]
 52610 | Slime:4  | Gained mutation: Your spells are easier to cast, but less
                  | powerful. [a shining eye]
 52704 | Slime:4  | Gained mutation: You are very clumsy. (Dex -4) [a shining
                  | eye]
 52954 | Slime:5  | Entered Level 5 of the Pits of Slime
 52965 | Slime:5  | Received a gift from Okawaru
 53278 | Slime:5  | Noticed the Royal Jelly
 53302 | Slime:5  | Killed the Royal Jelly
 53313 | Slime:5  | HP: 8/242 [acid[the Royal Jelly] (5)]
 53313 | Slime:5  | HP: 3/242 [acid blob/splash of acid[the Royal Jelly] (5)]
 53313 | Slime:5  | Splashed by an acid blob's acid

Skill      XL: |  1  2  3  4  5  6  7  8  9 10 11 12 13 14 15 16 17 18 19 20 21 22 23 |
---------------+----------------------------------------------------------------------+-----
Long Blades    | 3 4 6 9 11 12 13 15 16 18 19 21 22 23 24 25 27 | 27.0
Shields        | 4 5 6 7 8 9 10 12 13 14 15 16 17 18 19 20 21 | 21.5
Armour         | 4 5 6 7 8 9 11 12 13 14 15 16 17 18 19 20 21 | 21.5
Fighting       | 4 5 6 7 8 9 10 12 13 14 15 16 17 18 19 20 21 | 21.4
Invocations    | 1 4 6 8 9 |  9.0
Evocations     | 3 5 7 9 10 11 | 11.0

Action                   |  1- 3 |  4- 6 |  7- 9 | 10-12 | 13-15 | 16-18 | 19-21 | 22-24 || total
-------------------------+-------+-------+-------+-------+-------+-------+-------+-------++-------
Melee: Long sword        |    74 |    91 |   142 |       |       |       |       |       ||   307
       Headbutt          |     9 |    15 |    64 |   170 |   428 |   526 |   539 |   445 ||  2196
       Falchion          |       |       |   104 |   172 |       |       |       |       ||   276
       Double sword      |       |       |       |   448 |  1396 |  1751 |  1590 |  1081 ||  6266
       Scimitar          |       |       |       |     3 |    26 |    54 |       |       ||    83
Invok: Heroism           |       |       |       |     6 |    11 |    11 |     9 |     5 ||    42
       Finesse           |       |       |       |     2 |     4 |     9 |     6 |     5 ||    26
 Abil: Evoke Blink       |       |       |       |       |       |     1 |       |       ||     1
Evoke: Wand              |       |       |       |     8 |    12 |    33 |     4 |       ||    57
       Lightning rod     |       |       |       |       |       |       |     6 |       ||     6
  Use: Scroll            |       |     8 |     6 |    12 |     9 |    19 |     8 |     6 ||    68
       Potion            |       |     3 |     3 |     4 |     2 |    18 |     5 |     3 ||    38
 Stab: Paralysed         |       |       |       |     2 |     2 |     3 |       |       ||     7
       Invisible         |       |       |       |       |       |     4 |       |       ||     4
       Confused          |       |       |       |       |       |     1 |       |       ||     1
  Eat: Chunk             |     1 |     4 |    11 |    13 |    16 |    10 |    19 |     7 ||    81
       Ration            |       |       |       |     7 |     6 |     8 |     5 |     4 ||    30
Armor: Scale mail        |    29 |    41 |    77 |   163 |    76 |       |       |       ||   386
       Plate armour      |       |       |       |       |   491 |  1277 |   557 |   407 ||  2732
Dodge: Dodged            |    33 |    28 |    62 |   163 |   482 |   905 |   285 |   183 ||  2141
Block: Shield            |    46 |    42 |   119 |   292 |   793 |  1587 |   282 |       ||  3161
       Large shield      |       |       |       |       |       |       |  1231 |  1266 ||  2497
       Rpst.: Long sword |     8 |     8 |    11 |       |       |       |       |       ||    27
       Falchion          |       |       |     8 |     8 |       |       |       |       ||    16
       Double sword      |       |       |       |    35 |    87 |   166 |    61 |    37 ||   386
       Scimitar          |       |       |       |       |     1 |     1 |       |       ||     2
